 Dungeon Crawl Stone Soup version 0.23.2-33-g5129a83184 (webtiles) character file.

Game seed: 1440038169921637465

33540 funkygono the Blocker (level 14, -3/111 HPs)
             Began as a Formicid Fighter on July 2, 2019.
             Was a Priest of Fedhas.
             Slain by a seven-headed hydra (14 damage)
             ... summoned by a boggart
             ... on level 6 of the Lair of Beasts.
             The game lasted 00:51:41 (13567 turns).

funkygono the Blocker (Formicid Fighter)           Turns: 13567, Time: 00:51:43

Health: -3/111     AC: 14    Str: 36    XL:     14   Next: 8%
Magic:  18/18      EV: 15    Int:  8    God:    Fedhas [***...]
Gold:   1024       SH:  0    Dex: 13    Spells: 16/19 levels left

rFire    . . .     SeeInvis +   t - +2 dire flail (crush)
rCold    + + +     Gourm    .   c - +2 shield
rNeg     . . .     Faith    .   N - +0 steam dragon scales
rPois    +         Spirit   .   (helmet unavailable)
rElec    +         Reflect  .   w - +1 cloak {rC+}
rCorr    +         Harm     .   n - +2 pair of gloves
MR       +....                  x - +1 pair of boots
Stlth    +.........             B - amulet of the Slug {Regen+ Str+5 Dex+3}
HPRegen  0.68/turn              I - ring of ice
MPRegen  0.16/turn              C - ring of protection from cold

@: confused, mighty, resistant
A: permanent stasis, dig shafts and tunnels, four strong arms, antennae 3
a: Dig, Shaft Self, Fungal Bloom, Sunlight, Evolution, Growth, Renounce Religion


You were on level 6 of the Lair of Beasts.
You worshipped Fedhas.
Fedhas was most pleased with you.
You were not hungry.

You visited 3 branches of the dungeon, and saw 17 of its levels.
You also visited: Ice Cave.

You collected 1024 gold pieces.

Inventory:

Hand Weapons
 a - a +0 flail
 d - a +5 morningstar
 t - a +2 dire flail of crushing (weapon)
 z - a +2 flail of crushing
 E - a +3 hunting sling of freezing
 G - a +2 mace of holy wrath
Missiles
 e - 437 stones (quivered)
 F - 19 sling bullets
Armour
 b - a +0 scale mail
 c - a +2 shield (worn)
 l - a +0 chain mail
 n - a +2 pair of gloves (worn)
 w - a +1 cloak of cold resistance (worn)
 x - a +1 pair of boots (worn)
 N - +0 steam dragon scales (worn)
 P - a cursed +0 scale mail
Magical Staves
 m - an uncursed staff of power
 Q - an uncursed staff of death
Jewellery
 j - a +3 amulet of reflection
 o - an uncursed amulet of the gourmand
 B - the amulet of the Slug (around neck) {Regen+ Str+5 Dex+3}
   (You found it on level 6 of the Dungeon)

   [amulet of regeneration]

   It affects your strength (+5).
   It affects your dexterity (+3).
   It increases your rate of regeneration.
 C - a ring of protection from cold (right hand)
 I - a ring of ice (left hand)
Wands
 r - a wand of random effects (39)
 u - a wand of polymorph (8)
 y - a wand of iceblast (7)
 H - a wand of flame (46)
 L - a wand of disintegration (18)
Scrolls
 p - 4 scrolls of remove curse
 v - 2 scrolls of fear
 A - 5 scrolls of identify
 D - 2 scrolls of magic mapping
 J - a scroll of amnesia
 R - a scroll of enchant weapon
 S - a scroll of summoning
Potions
 g - a potion of lignification {unknown}
 h - a potion of magic
 i - a potion of brilliance
 k - 4 potions of curing
 q - 4 potions of flight
 s - a potion of mutation
 M - 3 potions of resistance
Comestibles
 f - 31 rations
 T - 9 chunks of flesh


   Skills:
 + Level 10.7 Fighting
 + Level 13.5 Maces & Flails
 + Level 7.5 Armour
 + Level 6.2 Dodging
 + Level 4.2 Stealth
 + Level 14.1 Shields
 + Level 3.0 Spellcasting
 + Level 2.2 Conjurations
 + Level 2.0 Fire Magic


You had 16 spell levels left.
You knew the following spells:

 Your Spells              Type           Power        Failure   Level  Hunger
a - Flame Tongue          Conj/Fire      #....        13%         1    ##.....
b - Throw Flame           Conj/Fire      #.....       21%         2    ###....

Your spell library contained the following spells:

 Spells                   Type           Power        Failure   Level  Hunger
 Conjure Flame            Conj/Fire      #.......     36%         3    ####...
 Inner Flame              Hex/Fire       #.......     54%         3    ####...
 Sticky Flame             Conj/Fire      #.......     78%         4    #####..
 Fireball                 Conj/Fire      #.........   98%         5    ######.


Dungeon Overview and Level Annotations

Branches:
Dungeon (11/15)            Temple (1/1) D:4            Lair (4/6) D:11
 Spider (0/4) Lair:2        Slime (0/5) Lair:6          Orc (0/2) D:9
  Swamp: Lair:2-4    Shoals: Lair:2-4

Altars:
Ashenzari
Cheibriados
Dithmenos
Elyvilon
Fedhas
Gozag
Hepliaklqana
Kikubaaqudgha
Makhleb
Nemelex Xobeh
Okawaru
Qazlal
Ru
Sif Muna
Trog
Uskayaw
Vehumet
Wu Jian
Xom
Yredelemnul
Zin
The Shining One

Shops:
D:8 !


Innate Abilities, Weirdness & Mutations

You cannot be hasted, slowed, berserked, paralysed or teleported.
You can dig through walls and to a lower floor.
Your four strong arms can wield two-handed weapons with a shield.
You have a pair of large antennae on your head. (SInv)


Message History

The seven-headed hydra closely misses you.
You bump into the tree.
The boggart gestures wildly while chanting.
The boggart blinks!
The boggart barely misses you. The seven-headed hydra bites you!
* * * LOW HITPOINT WARNING * * *
The seven-headed hydra bites you but does no damage.
The seven-headed hydra barely misses you.
The seven-headed hydra misses you.
The seven-headed hydra bites you but does no damage.
The seven-headed hydra closely misses you.
The seven-headed hydra barely misses you.
Unknown command.
You're too confused to move!
A nearby toadstool withers and dies.
The boggart mumbles some strange words.
The boggart blinks!
The seven-headed hydra bites you.
* * * LOW HITPOINT WARNING * * *
The seven-headed hydra bites you!
You die...
Fedhas appreciates your contribution to the ecosystem.

........###
......###.##
{
...........#♣
{
#....####...♣
###P.# ##..♣
{ ♣h ####
##.P♣ {


♣hh #..♣♣ hh♣ ##..♣ ♣♣♣♣♣.t♣ #...♣♣♣.D@it♣ #.#...g♣♣♣♣hiYyg♣ ##..♣♣♣♣ ♣♣♣ii #.♣♣
#♣♣ You could see a seven-headed hydra, a hornet, 2 crocodiles, a black bear, 4
spriggans, 5 wolves, a dream sheep and 2 boggarts.

Vanquished Creatures
  A frost giant (IceCv)
  The ghost of Wormgod the Cleaver, a journeyman HOFi of the Shining One (Lair:2)
  Harold (Lair:1)
  Erica (Lair:1)
  A lindwurm (Lair:6)
  2 ugly things (D:11)
  A deep elf mage (D:11)
  2 black mambas
  3 elephants (Lair:3)
  Joseph (D:7)
  A torpor snail (Lair:6)
  3 spiny frogs
  An ice statue (IceCv)
  3 rime drakes
  3 komodo dragons
  20 polar bears
  4 blink frogs (Lair:6)
  3 hornets
  7 hippogriffs
  2 spriggans (Lair:6)
  Sigmund (D:4)
  A wraith (D:10)
  Eustachio (D:5)
  2 wyverns (D:11)
  2 basilisks (Lair:3)
  48 yaks
  A hungry ghost (D:7)
  2 steam dragons
  Menkaure (D:7)
  Edmund (D:4)
  A water moccasin (Lair:1)
  12 porcupines
  3 black bears
  4 ice beasts
  3 orc warriors
  4 sky beasts
  A phantom (D:8)
  14 wolves
  3 centaurs
  7 crocodiles
  4 ogres
  A big kobold (D:9)
  9 bullfrogs
  A wyvern skeleton (D:7)
  3 scorpions
  2 jellies
  A howler monkey (D:9)
  12 wights
  4 crimson imps
  2 hounds
  6 orc wizards
  A bullfrog zombie (D:10)
  3 orc priests
  2 centaur skeletons
  3 iguanas
  7 worker ants
  A worker ant zombie (D:5)
  14 gnolls
  4 adders
  5 shadow imps
  A white imp (Lair:6)
  An ooze (D:2)
  2 adder skeletons
  An adder zombie (D:9)
  A worm (D:4)
  A dart slug (D:4)
  2 leopard geckos (D:1)
  36 orcs
  11 giant cockroaches
  10 goblins
  7 hobgoblins
  10 jackals
  A quokka (D:4)
  2 ball pythons
  3 bats
  3 frilled lizards
  A jackal skeleton (D:4)
  12 kobolds
  2 leopard gecko skeletons
  3 quokka zombies
  7 rats
375 creatures vanquished.

Vanquished Creatures (others)
  A polar bear (IceCv)
  A centaur (D:5)
  45 fungi
  32 plants
  154 toadstools
233 creatures vanquished.

Grand Total: 608 creatures vanquished

Notes
Turn   | Place    | Note
-------+----------+-------------------------------------------
     0 | D:1      | funkygono the Formicid Fighter began the quest for the Orb.
     0 | D:1      | Reached XP level 1. HP: 18/18 MP: 1/1
    61 | D:1      | Reached XP level 2. HP: 23/24 MP: 2/2
   361 | D:1      | Reached XP level 3. HP: 28/29 MP: 3/3
   923 | D:2      | Reached skill level 4 in Shields
  1179 | D:2      | Reached XP level 4. HP: 37/37 MP: 4/4
  1463 | D:3      | Found a shadowy altar of Dithmenos.
  1718 | D:3      | Reached XP level 5. HP: 35/42 MP: 5/5
  1878 | D:3      | Found a runed translucent door.
  1878 | D:3      | Noticed a human
  1881 | D:3      | Found a basalt altar of Yredelemnul.
  2239 | D:4      | Noticed Edmund
  2263 | D:3      | Reached XP level 6. HP: 41/48 MP: 6/6
  2364 | D:4      | Killed Edmund
  2364 | D:4      | Reached skill level 5 in Shields
  2473 | D:4      | Found a staircase to the Ecumenical Temple.
  2499 | Temple   | Entered the Ecumenical Temple
  2649 | Temple   | Became a worshipper of Fedhas Madash
  2824 | D:4      | Noticed Sigmund
  2843 | D:4      | Killed Sigmund
  2843 | D:4      | Reached XP level 7. HP: 51/55 MP: 7/7
  2884 | D:4      | Reached skill level 5 in Maces & Flails
  2884 | D:4      | Reached skill level 5 in Armour
  2884 | D:4      | Reached skill level 6 in Shields
  3482 | D:5      | Entered Level 5 of the Dungeon
  3518 | D:5      | Reached XP level 8. HP: 46/61 MP: 8/8
  3531 | D:5      | Reached skill level 1 in Dodging
  3750 | D:5      | Reached skill level 7 in Shields
  3859 | D:5      | Noticed Eustachio
  3906 | D:5      | Killed Eustachio
  3906 | D:5      | Reached skill level 1 in Stealth
  4244 | D:6      | Reached XP level 9. HP: 53/67 MP: 9/9
  4278 | D:6      | Got a shimmering bone amulet
  4453 | D:6      | Reached skill level 5 in Fighting
  4453 | D:6      | Reached skill level 8 in Shields
  4779 | D:7      | Noticed Joseph
  4802 | D:7      | Killed Joseph
  4942 | D:7      | Found a deep blue altar of Sif Muna.
  5213 | D:7      | Noticed Menkaure
  5235 | D:7      | Killed Menkaure
  5530 | D:7      | Identified the amulet of the Slug {Regen+ Str+5 Dex+3} (You
                  | found it on level 6 of the Dungeon)
  5575 | D:8      | Found Korostum's Distillery.
  5739 | D:8      | Noticed a hippogriff
  5751 | D:8      | Killed a hippogriff
  5751 | D:8      | Reached skill level 9 in Shields
  5793 | D:8      | Reached XP level 10. HP: 76/76 MP: 10/10
  6251 | D:9      | Found a staircase to the Orcish Mines.
  6782 | D:9      | Reached skill level 10 in Shields
  7032 | D:10     | Entered Level 10 of the Dungeon
  7188 | D:10     | Learned a level 1 spell: Flame Tongue
  7210 | D:10     | Learned a level 2 spell: Throw Flame
  7283 | D:10     | Reached skill level 10 in Maces & Flails
  7293 | D:10     | Reached skill level 1 in Spellcasting
  7300 | D:10     | Reached XP level 11. HP: 29/84 MP: 9/13
  8056 | D:11     | Found a frozen archway.
  8078 | IceCv    | Entered an ice cave
  8215 | IceCv    | Reached skill level 11 in Shields
  8628 | IceCv    | Reached skill level 1 in Conjurations
  8628 | IceCv    | Reached skill level 1 in Fire Magic
  8647 | IceCv    | Reached XP level 12. HP: 67/94 MP: 15/15
  8765 | IceCv    | Noticed a frost giant
  8823 | IceCv    | Killed a frost giant
  8823 | IceCv    | Reached skill level 12 in Shields
 10165 | D:11     | Reached * piety under Fedhas
 10166 | D:11     | Found a staircase to the Lair.
 10458 | Lair:1   | Entered Level 1 of the Lair of Beasts
 10458 | Lair:1   | Noticed Harold
 10488 | Lair:1   | Killed Harold
 10788 | Lair:1   | Noticed Erica
 10808 | Lair:1   | Killed Erica
 10808 | Lair:1   | Reached XP level 13. HP: 101/101 MP: 16/16
 11314 | Lair:2   | Found a white marble altar of Elyvilon.
 11439 | Lair:2   | Found a runed translucent gate.
 11439 | Lair:2   | Found a runed translucent gate.
 11439 | Lair:2   | Found a runed translucent gate.
 11444 | Lair:2   | Noticed Wormgod's ghost (journeyman HOFi)
 11469 | Lair:2   | Killed Wormgod's ghost
 11583 | Lair:2   | Reached skill level 13 in Shields
 11593 | Lair:2   | Found a hole to the Spider Nest.
 11608 | Lair:2   | Reached skill level 5 in Dodging
 11610 | Lair:2   | Reached ** piety under Fedhas
 12109 | Lair:3   | Reached skill level 10 in Fighting
 12992 | Lair:4   | You fall through a shaft for 2 floors!
 12992 | Lair:6   | Entered Level 6 of the Lair of Beasts
 13183 | Lair:6   | Reached *** piety under Fedhas
 13382 | Lair:6   | Reached skill level 14 in Shields
 13382 | Lair:6   | Reached XP level 14. HP: 100/111 MP: 18/18
 13422 | Lair:6   | Found a staircase to the Slime Pits.
 13567 | Lair:6   | Slain by a seven-headed hydra

Skill      XL: |  1  2  3  4  5  6  7  8  9 10 11 12 13 14 |
---------------+-------------------------------------------+-----
Shields        | 4 5 6 7 9 10 11 12 14 | 14.1
Maces & Flails | 3 4 5 6 8 10 11 12 13 | 13.5
Armour         | 4 5 6 7 |  7.5
Fighting       | 4 6 7 8 9 10 | 10.7
Dodging        | 1 2 3 4 5 6 |  6.2
Stealth        | 1 2 3 4 |  4.2
Spellcasting   | 1 2 3 |  3.0
Conjurations   | 1 2 |  2.2
Fire Magic     | 1 2 |  2.0

Action                   |  1- 3 |  4- 6 |  7- 9 | 10-12 | 13-15 || total
-------------------------+-------+-------+-------+-------+-------++-------
Melee: Flail             |    84 |   177 |       |       |       ||   261
       Dire flail        |       |    26 |   252 |   667 |   401 ||  1346
 Cast: Flame Tongue      |       |       |       |     6 |     1 ||     7
       Throw Flame       |       |       |       |    11 |    12 ||    23
Invok: Fungal Bloom      |       |       |     4 |    12 |    24 ||    40
 Abil: Dig               |       |       |       |     5 |       ||     5
  Use: Scroll            |     3 |     8 |     8 |    10 |     1 ||    30
       Potion            |       |       |       |     4 |     5 ||     9
 Stab: Sleeping          |       |       |       |     2 |     3 ||     5
  Eat: Chunk             |     1 |     6 |     5 |    14 |     1 ||    27
       Ration            |       |       |     2 |     1 |     3 ||     6
Armor: Scale mail        |    14 |       |       |       |       ||    14
       Chain mail        |    19 |    46 |   101 |    51 |       ||   217
       Steam dragon scal |       |       |       |   111 |    79 ||   190
Dodge: Dodged            |    22 |    27 |    82 |   196 |   189 ||   516
Block: Shield            |    49 |   160 |   227 |   423 |   293 ||  1152
       Reflection        |       |     2 |     5 |       |       ||     7
